 Dungeon Crawl Stone Soup version 0.22-a0-252-gcace5d2 (webtiles) character file.

642 kibaces the Ducker (level 7, -1/46 HPs)
             Began as a Merfolk Ice Elementalist on Mar 2, 2018.
             Slain by a hippogriff (3 damage)
             ... on level 7 of the Dungeon on Mar 5, 2018.
             The game lasted 00:16:24 (7823 turns).

kibaces the Ducker (Merfolk Ice Elementalist)       Turns: 7823, Time: 00:16:25

Health: -1/46      AC:  3    Str:  8    XL:     7   Next: 51%
Magic:  6/13       EV: 15    Int: 17    God:
Gold:   299        SH:  0    Dex: 14    Spells: 11/14 levels left

rFire    + . .     SeeInvis .   D - +0 dagger
rCold    . . .     Gourm    .   (no shield)
rNeg     + . .     Faith    .   a - +0 robe
rPois    .         Spirit   .   (no helmet)
rElec    .         Reflect  .   (no cloak)
rCorr    .         Harm     .   p - +0 pair of gloves
MR       .....                  (no boots)
Stlth    ++........             (no amulet)
HPRegen  0.15/turn              w - ring of protection from fire
MPRegen  0.13/turn              s - ring of positive energy

@: no status effects
A: change form in water, swift swim, stealthy swim
a: no special abilities


You were on level 7 of the Dungeon.
You were not hungry.

You visited 1 branch of the dungeon, and saw 7 of its levels.

You collected 299 gold pieces.

Inventory:

Hand Weapons
 D - a +0 dagger (weapon)
Missiles
 d - 204 stones (quivered)
Armour
 a - a +0 robe (worn)
 p - a +0 pair of gloves (worn)
Jewellery
 q - an uncursed ring of see invisible
 s - a ring of positive energy (right hand)
 w - a ring of protection from fire (left hand)
 y - an uncursed ring of fire
 B - an uncursed ring of protection from magic {unknown}
Wands
 l - a wand of flame (19)
 r - a wand of iceblast (19)
 v - a wand of disintegration (11)
 C - a wand of scattershot (4)
Scrolls
 b - 9 scrolls of identify
 g - a scroll of immolation {unknown}
 i - 2 scrolls of fear {unknown}
 j - 7 scrolls of remove curse
 o - 4 scrolls of teleportation
 t - 2 scrolls of enchant armour {unknown}
 x - 2 scrolls of magic mapping {unknown}
 E - a scroll of random uselessness {unknown}
Potions
 e - a potion of degeneration {unknown}
 f - a potion of berserk rage {unknown}
 h - 3 potions of heal wounds {unknown}
 k - 3 potions of curing {unknown}
 m - a potion of brilliance {unknown}
 n - 2 potions of mutation {unknown}
 u - a potion of haste {unknown}
 z - 2 potions of flight {unknown}
 A - a potion of lignification {unknown}
Comestibles
 c - 9 rations
 F - 4 chunks of flesh


   Skills:
 + Level 5.8 Dodging
 - Level 2.2 Stealth
 + Level 4.1 Spellcasting
 + Level 2.9 Conjurations
 + Level 5.6 Ice Magic


You had 11 spell levels left.
You knew the following spells:

 Your Spells              Type           Power        Failure   Level  Hunger
a - Freeze                Ice            ###.         1%          1    None
b - Throw Frost           Conj/Ice       ###...       4%          2    ##.....


Dungeon Overview and Level Annotations

Branches:
Dungeon (7/15)
 Temple: D:4-7

Altars:
Dithmenos
Fedhas
Ru
Sif Muna
Yredelemnul

Annotations:
D:4 2 transporters, Sigmund


Message History

Aiming: Freeze (safe; 1% risk of failure)
Press: ? - help, Shift-Dir - straight line, f/p - hippogriff
Aim: a hippogriff (heavily wounded)
You freeze the hippogriff.
The hippogriff is heavily wounded.
The hippogriff barely misses you.
The hippogriff pecks you but does no damage.
The hippogriff claws you!
* * * LOW HITPOINT WARNING * * *
Casting: Freeze (safe; 1% risk of failure)
Confirm with . or Enter, or press ? or * to list all spells.
Aiming: Freeze (safe; 1% risk of failure)
Press: ? - help, Shift-Dir - straight line, f/p - hippogriff
Aim: a hippogriff (heavily wounded)
You freeze the hippogriff.
The hippogriff is severely wounded.
The hippogriff bites you.
* * * LOW HITPOINT WARNING * * *
The hippogriff closely misses you. The hippogriff claws you.
You die...

#### ##...##
##.....##
#.......#
#..(....#####.
#....H.:......
#[...@....!..
#.......####..
#.......#
#.......#
##.....##
##...## ####


You could see a hippogriff.

Vanquished Creatures
  A centaur (D:5)
  A bullfrog (D:6)
  A howler monkey (D:5)
  A crimson imp (D:5)
  3 hounds
  2 orc wizards (D:4)
  4 worker ants
  A hound skeleton (D:4)
  A howler monkey zombie (D:5)
  6 adders
  3 oozes
  An adder zombie (D:5)
  3 adder skeletons
  3 worms
  2 dart slugs
  2 leopard geckos (D:1)
  5 orcs
  2 giant cockroaches
  6 goblins
  3 hobgoblins
  9 jackals
  A quokka (D:2)
  4 bats
  A frilled lizard (D:5)
  A jackal skeleton (D:4)
  6 kobolds
  A quokka zombie (D:5)
  5 rats
79 creatures vanquished.

Notes
Turn   | Place    | Note
-------+----------+-------------------------------------------
     0 | D:1      | kibaces the Merfolk Ice Elementalist began the quest for the Orb.
     0 | D:1      | Reached XP level 1. HP: 13/13 MP: 3/3
   453 | D:1      | Reached XP level 2. HP: 19/19 MP: 1/5
   970 | D:1      | Reached XP level 3. HP: 20/24 MP: 1/6
  1236 | D:1      | Learned a level 2 spell: Throw Frost
  1546 | D:2      | HP: 1/24 [adder (3)]
  1547 | D:2      | Reached skill level 1 in Conjurations
  1982 | D:2      | Reached XP level 4. HP: 14/30 MP: 0/7
  2537 | D:2      | Found a faded altar of an unknown god.
  2733 | D:2      | Found a sacrificial altar of Ru.
  3237 | D:3      | Found a blossoming altar of Fedhas.
  3730 | D:4      | Reached XP level 5. HP: 26/35 MP: 5/9
  3844 | D:4      | Found a transporter.
  4046 | D:4      | Found a shadowy altar of Dithmenos.
  4522 | D:4      | Noticed Sigmund
  4623 | D:4      | Found a transporter.
  4725 | D:4      | Reached XP level 6. HP: 36/41 MP: 5/10
  5145 | D:5      | Entered Level 5 of the Dungeon
  5319 | D:5      | Reached skill level 5 in Dodging
  5319 | D:5      | Reached skill level 5 in Ice Magic
  5906 | D:5      | Noticed an orc warrior
  6199 | D:5      | Reached XP level 7. HP: 12/46 MP: 6/12
  6845 | D:5      | Found a basalt altar of Yredelemnul.
  6846 | D:5      | Found a deep blue altar of Sif Muna.
  7586 | D:7      | Noticed a hippogriff
  7823 | D:7      | HP: 2/46 [hippogriff (2)]
  7823 | D:7      | Slain by a hippogriff

Vault maps used:
D:1:      lemuel_arrival_cross, minmay_tetromino_i2
D:2:      chequers_ecumenical_altar_simple, nicolae_ru_the_path_less_chosen
D:3:      nicolae_overflow_crystal_walls
D:4:      gammafunk_steamed_eel, grunt_dithmenos_smoke,
          makhleb_heckhound_becter, uniq_sigmund
D:5:      gammafunk_temple_overflow_pools, first_ration, minivault_5
D:6:      okawaru_metal_pillars_3, chequers_big_river, minmay_stone_trees_small,
          uniq_edmund
D:7:      minmay_temple_entry_glass

Skill      XL: |  1  2  3  4  5  6  7 |
---------------+----------------------+-----
Dodging        | 3 4 5 |  5.8
Ice Magic      | 4 5 |  5.6
Conjurations   | 1 2 |  2.9
Spellcasting   | 3 4 |  4.1
Stealth        | |  2.2

Action                   |  1- 3 |  4- 6 |  7- 9 || total
-------------------------+-------+-------+-------++-------
Melee: Spear             |    23 |    15 |       ||    38
       Dagger            |       |   101 |    40 ||   141
Throw: Stone             |     9 |       |       ||     9
 Cast: Freeze            |    50 |   135 |    33 ||   218
       Throw Frost       |       |     6 |       ||     6
  Use: Scroll            |       |     2 |     3 ||     5
 Stab: Sleeping          |     1 |     1 |       ||     2
  Eat: Chunk             |     3 |    10 |     3 ||    16
       Ration            |       |     1 |     1 ||     2
Armor: Robe              |     6 |    15 |    10 ||    31
Dodge: Dodged            |    56 |   177 |    61 ||   294

Table legend:
 A = Spawn XP
 B = Non-spawn XP
 C = Spawn XP percentage of total XP
 D = Spawn monster count
 E = Non-spawn monster count
 F = Spawn count percentage of total count
 G = Total turns spent on level
                    A         B        C        D         E        F      G
               +---------+---------+-------+---------+---------+-------+---------
         Total |       0 |     918 |   0.0 |       0 |      79 |   0.0 |  7823
               +---------+---------+-------+---------+---------+-------+---------
           D:1 |       0 |      50 |   0.0 |       0 |      20 |   0.0 |  1971
           D:2 |       0 |      71 |   0.0 |       0 |      16 |   0.0 |  1160
           D:3 |       0 |      27 |   0.0 |       0 |       8 |   0.0 |   881
           D:4 |       0 |     240 |   0.0 |       0 |      15 |   0.0 |  1696
           D:5 |       0 |     390 |   0.0 |       0 |      14 |   0.0 |  1321
           D:6 |       0 |     140 |   0.0 |       0 |       6 |   0.0 |   785
               +---------+---------+-------+---------+---------+-------+---------
